 Dungeon Crawl Stone Soup version 0.31-a0-174-g85c54bcb58 (webtiles) character file.

Game seed: 16224195370947834746

210 qw the Shooter (level 5, -10/49 HPs)
             Began as a Naga Hunter on June 15, 2023.
             Killed from afar by Ijyb (15 damage)
             ... with a bolt of dispelling energy
             ... on level 3 of the Dungeon.
             The game lasted 00:00:52 (2176 turns).

qw the Shooter (Naga Hunter)                        Turns: 2176, Time: 00:00:53

Health: -10/49     AC:  5    Str: 13    XL:     5   Next: 88%
Magic:  5/5        EV:  9    Int:  9    God:
Gold:   198        SH:  0    Dex: 17    Spells: 4/4 levels left

rFire   . . .        Y - +1 shortbow
rCold   . . .        (shield currently unavailable)
rNeg    . . .        c - +0 leather armour
rPois   +            (no helmet)
rElec   .            (no cloak)
rCorr   .            j - +1 pair of gloves
SInv    +            (no barding)
Will    .....        (no amulet)
Stlth   ++           (no ring)
HPRegen 0.28/turn    (no ring)
MPRegen 0.09/turn

%: no passive effects
@: very slow
A: AC +1, large, see invisible, deformed body, poison resistance, slowness 2,
spit poison 1, naga tail 1
a: Spit Poison


You were on level 3 of the Dungeon.
You visited 1 branch of the dungeon, and saw 3 of its levels.

You collected 198 gold pieces.


Innate Abilities, Weirdness & Mutations

Your serpentine skin is tough. (AC +1)
You have supernaturally acute eyesight. (SInv)
Armour fits poorly on your strangely shaped body.
Your system is resistant to poisons. (rPois)
You cover ground very slowly.
You can spit poison.
You have a snake-like lower body.


   Skills:
 - Level 3.2 Fighting
 + Level 5.8 Ranged Weapons
 - Level 1.5 Dodging
 - Level 1.5 Stealth


You had 4 spell levels left.
You didn't know any spells.
Your spell library was empty.

Inventory:

Hand Weapons
 Y - a +1 shortbow (weapon)
Armour
 c - a +0 leather armour (worn)
 g - a +0 ring mail of poison resistance
 j - a +1 pair of gloves (worn)
Jewellery
 i - an amulet of magic regeneration
 l - a ring of fire
Scrolls
 a - a scroll of enchant armour {unknown}
 b - a scroll of identify
Potions
 d - a potion of brilliance {unknown}
 e - a potion of haste
 f - 3 potions of curing
 h - 2 potions of enlightenment {unknown}
 k - a potion of lignification {unknown}

Dungeon Overview and Level Annotations

Branches:
Dungeon (3/15)

Altars:

Annotations:
D:3 Ijyb


Message History

Enter note: You shoot an arrow.
The arrow hits the goblin.
You kill the goblin!
A goblin comes into view. It is wielding a +0 club.
You shoot an arrow.
The arrow hits the goblin but does no damage.
The goblin shouts!
Ijyb the Twisted Goblin comes into view.
She is wielding a +0 club and carrying a wand of quicksilver (6).
2168 ||| INVOKING Spit Poison.
Aiming: Spit Poison (1% risk of failure)
Press: ? - help, Shift-Dir - straight line, f/p - goblin The splash of poison hits the goblin!
The goblin is poisoned.
You kill the goblin!
You shoot an arrow. The arrow completely misses Ijyb.
Ijyb shouts!
You shoot an arrow. The arrow hits Ijyb.
Ijyb is lightly wounded.
Ijyb zaps a wand.
The bolt of dispelling energy hits you!
You shoot an arrow. The arrow hits Ijyb.
Ijyb is moderately wounded.
You have got your breath back.
Ijyb zaps a wand.
The bolt of dispelling energy hits you!!
2172 ||| INVOKING Spit Poison.
Aiming: Spit Poison (1% risk of failure)
Press: ? - help, Shift-Dir - straight line, f/p - Ijyb The splash of poison hits Ijyb.
Ijyb is poisoned.
Ijyb is heavily wounded.
You shoot an arrow. The arrow hits Ijyb but does no damage.
Ijyb is heavily wounded.
You shoot an arrow. The arrow closely misses Ijyb.
Ijyb zaps a wand.
The bolt of dispelling energy hits you!
You shoot an arrow. The arrow hits Ijyb.
Ijyb is almost dead.
You shoot an arrow. The arrow hits Ijyb but does no damage.
Ijyb is almost dead.
You have got your breath back.
Ijyb looks more healthy.
Ijyb closely misses you.
Ijyb zaps a wand.
The bolt of dispelling energy hits you!
You die...

########### #~~
.)....'...# #~~
..)...g@..# #~~####
......#...#
#~~...##########...#
#~~...#............#
#~~...#............#
#~~..##'##)....##'##
#~~..#...#.....#...#
#~~..#...#.)...#...#
#~~..#...#.....#...#


You could see Ijyb.

Vanquished Creatures
  An orc priest (D:3)
  A hound (D:3)
  Jessica (D:3)
  6 adders
  3 worms
  5 orcs (D:3)
  4 ball pythons
  3 endoplasms
  3 giant cockroaches
  11 goblins
  2 hobgoblins
  3 jackals (D:3)
  A quokka (D:1)
  3 bats
  6 frilled lizards
  4 kobolds
  5 rats
62 creatures vanquished.

Notes
Turn   | Place    | Note
-------+----------+-------------------------------------------
     0 | D:1      | qw the Naga Hunter began the quest for the Orb.
     0 | D:1      | Reached XP level 1. HP: 19/19 MP: 1/1
     0 | D:1      | 0 ||| qw: Version: 0.2-a-29-g511e9b1
     0 | D:1      | 0 ||| qw: Game counter: 5471
     0 | D:1      | 0 ||| qw: Always use a shield: true
     0 | D:1      | 0 ||| qw: God list: Okawaru
     0 | D:1      | 0 ||| qw: Allow faded altars: false
     0 | D:1      | 0 ||| qw: Do Orc after D:15 true
     0 | D:1      | 0 ||| qw: Do second Lair branch before Depths: true
     0 | D:1      | 0 ||| qw: Lair rune preference: random
     0 | D:1      | 0 ||| qw: Plans: Normal
     0 | D:1      | 0 ||| PLANNING D:1-11
   125 | D:1      | 125 ||| INVOKING Spit Poison.
   131 | D:1      | 131 ||| INVOKING Spit Poison.
   135 | D:1      | 135 ||| INVOKING Spit Poison.
   137 | D:1      | Reached skill level 4 in Ranged Weapons
   137 | D:1      | Reached XP level 2. HP: 18/26 MP: 2/2
   140 | D:1      | 140 ||| INVOKING Spit Poison.
   217 | D:1      | 217 ||| INVOKING Spit Poison.
   223 | D:1      | 223 ||| INVOKING Spit Poison.
   284 | D:1      | 284 ||| INVOKING Spit Poison.
   290 | D:1      | 290 ||| INVOKING Spit Poison.
   332 | D:1      | 332 ||| INVOKING Spit Poison.
   359 | D:1      | 359 ||| INVOKING Spit Poison.
   363 | D:1      | You fall into a shaft and drop 1 floor!
   393 | D:2      | 393 ||| DROPPING +6 ring of intelligence.
   394 | D:2      | 394 ||| READING scroll labelled TIOXOM GIMU.
   395 | D:2      | 395 ||| READING scroll labelled JUPENOAXOU.
   396 | D:2      | 396 ||| DRINKING 2 orange potions.
   397 | D:2      | 397 ||| DROPPING scroll of butterflies.
   401 | D:2      | 401 ||| FLEEEEING.
   402 | D:2      | 402 ||| STAIRDANCE
   700 | D:1      | 700 ||| INVOKING Spit Poison.
   704 | D:1      | 704 ||| READING scroll labelled RAISOF FYKEEJ.
   705 | D:1      | 705 ||| READING scroll labelled BUX VURUCWIU.
   763 | D:2      | 763 ||| INVOKING Spit Poison.
   792 | D:2      | 792 ||| INVOKING Spit Poison.
   797 | D:2      | Reached XP level 3. HP: 32/32 MP: 3/3
   888 | D:2      | 888 ||| INVOKING Spit Poison.
  1189 | D:2      | 1189 ||| INVOKING Spit Poison.
  1217 | D:2      | 1217 ||| INVOKING Spit Poison.
  1226 | D:2      | 1226 ||| INVOKING Spit Poison.
  1227 | D:2      | 1227 ||| INVOKING Spit Poison.
  1250 | D:2      | 1250 ||| INVOKING Spit Poison.
  1256 | D:2      | 1256 ||| INVOKING Spit Poison.
  1393 | D:2      | 1393 ||| UPGRADING to +1 pair of gloves.
  1398 | D:2      | 1398 ||| READING scroll labelled CACLIH NOLOAP.
  1399 | D:2      | 1399 ||| READING scroll labelled ELUWKA FUACRAMN.
  1400 | D:2      | 1400 ||| READING scroll labelled HIWAUDGH RAENI.
  1401 | D:2      | 1401 ||| DRINKING 3 black potions.
  1402 | D:2      | 1402 ||| DRINKING 2 viscous golden potions.
  1403 | D:2      | 1403 ||| READING 2 scrolls of identify.
  1403 | D:2      | 1403 ||| IDENTIFYING emerald potion
  1404 | D:2      | 1404 ||| DROPPING 2 potions of attraction.
  1467 | D:3      | 1467 ||| INVOKING Spit Poison.
  1469 | D:3      | Reached skill level 5 in Ranged Weapons
  1469 | D:3      | Reached XP level 4. HP: 39/39 MP: 4/4
  1479 | D:3      | 1479 ||| INVOKING Spit Poison.
  1504 | D:3      | 1504 ||| INVOKING Spit Poison.
  1508 | D:3      | 1508 ||| INVOKING Spit Poison.
  1512 | D:3      | 1512 ||| INVOKING Spit Poison.
  1516 | D:3      | 1516 ||| INVOKING Spit Poison.
  1525 | D:3      | 1525 ||| FLEEEEING.
  1551 | D:3      | 1551 ||| INVOKING Spit Poison.
  1557 | D:3      | 1557 ||| INVOKING Spit Poison.
  1562 | D:3      | 1562 ||| INVOKING Spit Poison.
  1620 | D:3      | Noticed Jessica
  1623 | D:3      | 1623 ||| INVOKING Spit Poison.
  1623 | D:3      | Killed Jessica
  1624 | D:3      | Reached skill level 3 in Fighting
  1630 | D:3      | Reached XP level 5. HP: 49/49 MP: 5/5
  1654 | D:3      | 1654 ||| INVOKING Spit Poison.
  1673 | D:3      | 1673 ||| INVOKING Spit Poison.
  1723 | D:3      | 1723 ||| INVOKING Spit Poison.
  1726 | D:3      | 1726 ||| INVOKING Spit Poison.
  1732 | D:3      | 1732 ||| INVOKING Spit Poison.
  1736 | D:3      | 1736 ||| INVOKING Spit Poison.
  1739 | D:3      | HP: 12/49 [orc priest/divine providence (13)]
  1740 | D:3      | 1740 ||| DRINKING potion of heal wounds.
  1741 | D:3      | 1741 ||| INVOKING Spit Poison.
  1746 | D:3      | 1746 ||| INVOKING Spit Poison.
  1829 | D:3      | 1829 ||| INVOKING Spit Poison.
  1832 | D:3      | 1832 ||| INVOKING Spit Poison.
  1866 | D:3      | 1866 ||| INVOKING Spit Poison.
  2080 | D:3      | 2080 ||| INVOKING Spit Poison.
  2092 | D:3      | 2092 ||| INVOKING Spit Poison.
  2095 | D:3      | 2095 ||| INVOKING Spit Poison.
  2113 | D:3      | 2113 ||| INVOKING Spit Poison.
  2117 | D:3      | 2117 ||| INVOKING Spit Poison.
  2152 | D:3      | 2152 ||| INVOKING Spit Poison.
  2167 | D:3      | Noticed Ijyb
  2168 | D:3      | 2168 ||| INVOKING Spit Poison.
  2172 | D:3      | 2172 ||| INVOKING Spit Poison.
  2174 | D:3      | HP: 4/49 [Ijyb/bolt of dispelling energy (12)]
  2176 | D:3      | Killed from afar by Ijyb

Levels and vault maps discovered:
D:1:      dreamdust_arrival_beginning_and_end, layout_loops_ring,
          minmay_hexomino_c4
D:2:      layout_loops_ring, hangedman_decor_lopped,
          amcnicky_mini_corridor_feature, kennysheep_minor_cross
D:3:      kennysheep_goblin_castle, layout_basic, nrook_mini_backslash,
          kennysheep_cross_room, minivault_5, nicolae_titane, uniq_jessica

Skill      XL: |  1  2  3  4 |
---------------+-------------+-----
Ranged Weapons | 4 5 |  5.8
Fighting       | 3 |  3.2
Dodging        | |  1.5
Stealth        | |  1.5

Action                     |  1- 3 |  4- 6 || total
---------------------------+-------+-------++-------
   Fire: Shortbow          |    56 |    87 ||   143
Ability: Spit Poison       |    20 |    28 ||    48
    Use: Scroll            |     8 |       ||     8
         Potion            |     3 |     1 ||     4
 Armour: Leather armour    |     6 |    24 ||    30
  Dodge: Dodged            |    24 |    24 ||    48

Table legend:
 A = Non-vault XP
 B = Vault XP
 C = Vault XP percentage of total XP
 D = Non-vault monster count
 E = Vault monster count
 F = Vault count percentage of total count
                 A         B        C        D         E       F
            +---------+---------+-------+---------+---------+-------
      Total |     234 |      67 |  22.3 |      42 |      20 |  32.3
            +---------+---------+-------+---------+---------+-------
        D:1 |      17 |      10 |  37.0 |      11 |       8 |  42.1
        D:2 |      53 |       0 |   0.0 |      10 |       0 |   0.0
        D:3 |     164 |      57 |  25.8 |      21 |      12 |  36.4
            +---------+---------+-------+---------+---------+-------
